 Dungeon Crawl Stone Soup version 0.31-a0-182-gc5ef74bbde (webtiles) character file.

Game seed: 3690416094421064073

35673 qw the Cleaver (level 13, -3/82 HPs)
             Began as a Gargoyle Fighter on June 21, 2023.
             Was a High Priest of Okawaru.
             Slain by a skyshark (8 damage)
             ... on level 5 of the Lair of Beasts.
             The game lasted 00:07:19 (13994 turns).

qw the Cleaver (Gargoyle Fighter)                  Turns: 13994, Time: 00:07:20

Health: -3/82      AC: 33    Str: 24    XL:     13   Next: 85%
Magic:  20/20      EV:  8    Int: 12    God:    Okawaru [*****.]
Gold:   601        SH: 12    Dex:  6    Spells: 12/12 levels left

rFire   . . .        b - +9 war axe "Loonnom" {flame, rPois Will+ Str+3 Dex-3}
rCold   + . .        i - +0 kite shield
rNeg    + . .        l - +0 plate armour
rPois   inf          h - +2 helmet
rElec   +            o - +0 cloak
rCorr   +            x - +0 pair of gloves
SInv    .            (no boots)
Will    ++...        j - amulet of the acrobat Stlth
                     y - ring "Ribileb" {rC+ Will+ Str-3 Int+2}
HPRegen 0.33/turn    B - ring of resist corrosion
MPRegen 0.17/turn

%: acrobat
@: about to teleport, heroic, very slow
A: sickness immunity, AC +9, negative energy resistance 1, electricity
resistance, torment resistance 1, petrification resistance
a: Renounce Religion, Heroism, Finesse, Duel


You were on level 5 of the Lair of Beasts.
You worshipped Okawaru.
Okawaru was extremely pleased with you.
You visited 3 branches of the dungeon, and saw 15 of its levels.
You also visited: Sewer.

You collected 832 gold pieces.
You spent 231 gold pieces at shops.


Innate Abilities, Weirdness & Mutations

You are immune to sickness and miasma.
Your stone body is resilient. (AC +9)
You are immune to poison.
You resist negative energy. (rN+)
You are resistant to electric shocks. (rElec)
You are resistant to unholy torment.
You are immune to petrification.


   Skills:
 - Level 10.0(15.0) Fighting
 + Level 13.1(18.1) Axes
 - Level 5.0(10.0) Throwing
 - Level 10.0(15.0) Armour
 - Level 1.0(6.0) Dodging
 - Level 11.0(16.0) Shields
 - Level 10.1 Invocations


You had 12 spell levels left.
You didn't know any spells.
Your spell library was empty.

Inventory:

Hand Weapons
 b - the +9 war axe "Loonnom" (weapon) {flame, rPois Will+ Str+3 Dex-3}
   (You acquired it on level 3 of the Dungeon)

   Str:       It affects your strength (+3).
   Dex:       It affects your dexterity (-3).
   rPois:     It protects you from poison.
   Will:      It increases your willpower.
 z - a +2 broad axe of draining
Missiles
 A - a boomerang (quivered)
Armour
 h - a +2 helmet (worn)
 i - a +0 kite shield (worn)
 l - a +0 plate armour (worn)
 o - a +0 cloak (worn)
 u - a +1 chain mail of cold resistance
 x - a +0 pair of gloves (worn)
Jewellery
 j - an amulet of the acrobat (around neck)
 y - the ring "Ribileb" (left hand) {rC+ Will+ Str-3 Int+2}
   (You acquired it on level 7 of the Dungeon)

   [ring of protection from cold]

   Str:       It affects your strength (-3).
   Int:       It affects your intelligence (+2).
   rC:        It protects you from cold.
   Will:      It increases your willpower.
 B - a ring of resist corrosion (right hand)
Scrolls
 a - 4 scrolls of identify
 k - 5 scrolls of teleportation
 t - 3 scrolls of enchant weapon
Potions
 c - 4 potions of curing
 d - a potion of might
 e - 4 potions of haste
 g - a potion of enlightenment
 m - 4 potions of cancellation
 n - a potion of resistance
 q - 3 potions of lignification
 r - 2 potions of magic
 s - 3 potions of attraction
 v - a potion of mutation

Dungeon Overview and Level Annotations

Branches:
Dungeon (9/15)             Temple (1/1) D:6            Lair (5/5) D:8
 Shoals (0/4) Lair:2       Spider (0/4) Lair:3        Slime (0/5) Lair:4
    Orc (0/2) D:9           Sewer (visited)

Altars:
Ashenzari
Cheibriados
Dithmenos
Fedhas
Kikubaaqudgha
Makhleb
Nemelex Xobeh
Okawaru
Qazlal
Ru
Sif Muna
Trog
Uskayaw
Vehumet
Wu Jian
Xom
Yredelemnul
Zin
The Shining One
Jiyva

Shops:
D:7 [

Annotations:
Lair:2 exclusion: 2 hell rats


Message History

You barely miss the skyshark. You hit the polar bear. You burn the polar bear.
You slash the sea snake! You burn the sea snake.
You block the skyshark's attack. x2
The skyshark tail-slaps you but does no damage.
The sea snake bites you!
A skyshark comes into view.
13992 ||| READING 6 scrolls of teleportation.
As you read the scroll of teleportation, it crumbles to dust.
You feel strangely unstable. The elephant closely misses you.
You block the elephant's attack.
The sea snake bites you but does no damage.
The polar bear bites you but does no damage.
You block the polar bear's attack. The polar bear claws you.
The skyshark bites you. The skyshark closely misses you.
You block the skyshark's attack.
The skyshark bites you but does no damage.
The skyshark tail-slaps you.
The skyshark tail-slaps you but does no damage.
Your unstable footing causes you to fumble your attack.
The sea snake closely misses you. You block the elephant's attack.
The elephant closely misses you. You block the polar bear's attack.
The polar bear claws you but does no damage. x2
The skyshark bites you. You block the skyshark's attack.
The skyshark tail-slaps you but does no damage.
The skyshark bites you but does no damage.
The skyshark tail-slaps you.
The skyshark tail-slaps you but does no damage.
You miss the sea snake.
The sea snake is moderately wounded.
You hit the skyshark. You burn the skyshark.
You hit the elephant but do no damage. You slash the skyshark!
You burn the skyshark. You slash the polar bear! You burn the polar bear.
The sea snake bites you but does no damage.
You block the elephant's attack.
The elephant trunk-slaps you but does no damage.
The polar bear barely misses you.
The polar bear claws you but does no damage. x2
The skyshark closely misses you. You block the skyshark's attack.
The skyshark tail-slaps you. The skyshark bites you!
You die...

###### ~ #))}! ~#~..
.~ .!~~! ~~~~ ~... 8~~
(~~ .~~~ ~... ~~~~ $!?
~~~~~#~ #~..
#P.##~###.~#.#~.~##...
#~~~~lll~~~#.~~~~P~...
#..~~@hY~~~#~~~~~P~~..
#}~~~YS~~~}# #~~~.%%
##.#############~~#YYY
~P ~~.~~~~[%% ~~~
~.~~~~~~.Y #~
~##~~~#~.. ~
~##(~##... (~.~~.%...
..........


You could see 2 skysharks, 2 elephants, a sea snake, a polar bear and a komodo
dragon.

Vanquished Creatures
  Gastronok (D:8)
  A dire elephant (Lair:2)
  2 hydras
  A boulder beetle (D:7)
  A catoblepas (Lair:3)
  An anaconda (Lair:2)
  A death yak (Lair:2)
  Amaemon (Lair:2)
  A fire crab (Lair:3)
  6 elephants
  Joseph (D:8)
  2 merfolk sirens (Lair:2)
  5 black mambas
  An orange demon (Lair:2)
  7 cane toads
  A torpor snail (Lair:2)
  4 rime drakes
  8 komodo dragons
  2 merfolk (Lair:2)
  A troll (D:8)
  A polar bear (D:8)
  5 blink frogs (Lair:3)
  4 jumping spiders (Lair:3)
  4 culicivoras (Lair:3)
  47 yaks
  Eustachio (D:6)
  5 wyverns
  4 basilisks
  4 steam dragons
  A redback (Lair:3)
  4 wargs (D:9)
  An acid dragon (D:9)
  6 water moccasins
  An orc warrior (D:9)
  4 sky beasts
  7 black bears
  4 ice beasts
  An ogre (D:4)
  4 wolves (D:8)
  2 centaurs
  Blork the orc (D:5)
  2 phantoms (D:5)
  4 kobold brigands
  A gnoll sergeant (D:9)
  10 bullfrogs
  5 scorpions
  2 water moccasin zombies (D:4)
  9 wights
  A necrophage (D:4)
  6 killer bees (D:7)
  A howler monkey (D:4)
  5 electric eels
  A human zombie (D:4)
  12 hounds
  An orc priest (D:9)
  A bullfrog zombie (D:4)
  2 jellies
  Jessica (D:3)
  3 iguanas
  2 orc wizards (D:9)
  3 sleepcaps
  Natasha (D:2)
  A hell rat (Lair:2)
  2 scorpion zombies (D:4)
  2 centaur simulacra (D:8)
  A hound zombie (D:4)
  A mummy (D:4)
  A killer bee simulacrum (D:8)
  6 gnolls
  8 adders
  A river rat (Sewer)
  4 shadow imps
  4 white imps
  2 ufetubi (D:8)
  3 adder zombies (D:4)
  2 worms
  6 dart slugs
  4 orcs
  4 bats (D:2)
  9 endoplasms
  5 giant cockroaches
  8 goblins
  6 hobgoblins
  4 jackals (D:3)
  9 quokkas
  13 ball pythons
  33 kobolds
  11 rats
382 creatures vanquished.

Vanquished Creatures (others)
  A cane toad (Lair:5)
1 creature vanquished.

Grand Total: 383 creatures vanquished

Notes
Turn   | Place    | Note
-------+----------+-------------------------------------------
     0 | D:1      | qw the Gargoyle Fighter began the quest for the Orb.
     0 | D:1      | Reached XP level 1. HP: 14/14 MP: 1/1
     0 | D:1      | 0 ||| qw: Version: 0.3-a-9-g12657ce
     0 | D:1      | 0 ||| qw: Game counter: 1569
     0 | D:1      | 0 ||| qw: Always use a shield: true
     0 | D:1      | 0 ||| qw: God list: Okawaru
     0 | D:1      | 0 ||| qw: Allow faded altars: false
     0 | D:1      | 0 ||| qw: Do Orc after D:15 true
     0 | D:1      | 0 ||| qw: Do second Lair branch before Depths: true
     0 | D:1      | 0 ||| qw: Lair rune preference: random
     0 | D:1      | 0 ||| qw: Plans: Normal, Zot:1-4, Slime:5, God:TSO, Crypt,
                  | Tomb, Abyss, Pan, Hells, Win
     0 | D:1      | 0 ||| PLANNING D:1-11
    51 | D:1      | Reached skill level 2 in Axes
   107 | D:1      | 107 ||| Stepping ~*~*~tactically~*~*~ (stealth).
   113 | D:1      | Reached XP level 2. HP: 13/19 MP: 2/2
   124 | D:1      | 124 ||| FLEEEEING.
   125 | D:1      | 125 ||| FLEEEEING.
   126 | D:1      | 126 ||| FLEEEEING.
   127 | D:1      | 127 ||| FLEEEEING.
   128 | D:1      | 128 ||| FLEEEEING.
   129 | D:1      | 129 ||| FLEEEEING.
   130 | D:1      | 130 ||| FLEEEEING.
   131 | D:1      | 131 ||| FLEEEEING.
   132 | D:1      | 132 ||| FLEEEEING.
   133 | D:1      | 133 ||| FLEEEEING.
   134 | D:1      | 134 ||| FLEEEEING.
   275 | D:1      | Noticed a golden eye
   277 | D:1      | Found a faded altar of an unknown god.
   279 | D:1      | Noticed a shining eye
   279 | D:1      | Noticed a great orb of eyes
   279 | D:1      | Noticed a golden eye
   528 | D:1      | 528 ||| FLEEEEING.
   529 | D:1      | 529 ||| FLEEEEING.
   530 | D:1      | 530 ||| FLEEEEING.
   531 | D:1      | 531 ||| FLEEEEING.
   554 | D:1      | Reached skill level 3 in Axes
   565 | D:1      | 565 ||| Stepping ~*~*~tactically~*~*~ (hiding).
   572 | D:1      | Reached XP level 3. HP: 23/23 MP: 3/3
   798 | D:1      | 798 ||| Stepping ~*~*~tactically~*~*~ (hiding).
  1168 | D:1      | 1168 ||| UPGRADING to +0 chain mail.
  1178 | D:1      | 1178 ||| DROPPING +0 scale mail.
  1179 | D:1      | 1179 ||| UPGRADING to +0 helmet.
  1184 | D:1      | 1184 ||| UPGRADING to +0 kite shield.
  1194 | D:1      | 1194 ||| DROPPING +0 buckler.
  1195 | D:1      | 1195 ||| UPGRADING to +0 plate armour.
  1205 | D:1      | 1205 ||| DROPPING +0 chain mail.
  1206 | D:1      | 1206 ||| READING 2 scrolls labelled ANAJYON QOZYLO.
  1207 | D:1      | 1207 ||| READING scroll labelled GALILYIFFI.
  1208 | D:1      | 1208 ||| READING scroll labelled RIDDOUTEN.
  1209 | D:1      | 1209 ||| READING scroll labelled TIOGAM KICW.
  1210 | D:1      | 1210 ||| READING scroll labelled HEOTHR DEUPPAK.
  1211 | D:1      | 1211 ||| DROPPING scroll of noise.
  1237 | D:2      | Found an ornate altar of the Wu Jian Council.
  1243 | D:2      | Noticed Natasha
  1251 | D:2      | Killed Natasha
  1252 | D:2      | Reached XP level 4. HP: 18/28 MP: 4/4
  1436 | D:2      | 1436 ||| Stepping ~*~*~tactically~*~*~ (stealth).
  1990 | D:2      | 1990 ||| READING scroll labelled ECZOEC ROLIUCW.
  1993 | D:2      | 1993 ||| DRINKING 2 metallic red potions.
  1994 | D:2      | 1994 ||| READING 2 scrolls of identify.
  1994 | D:2      | 1994 ||| IDENTIFYING murky sapphire potion
  1995 | D:2      | 1995 ||| DROPPING potion of berserk rage.
  2030 | D:3      | Reached skill level 4 in Axes
  2030 | D:3      | Reached XP level 5. HP: 20/32 MP: 5/5
  2095 | D:3      | 2095 ||| Stepping ~*~*~tactically~*~*~ (stealth).
  2096 | D:3      | 2096 ||| Stepping ~*~*~tactically~*~*~ (stealth).
  2097 | D:3      | 2097 ||| Stepping ~*~*~tactically~*~*~ (stealth).
  2098 | D:3      | 2098 ||| Stepping ~*~*~tactically~*~*~ (stealth).
  2222 | D:3      | 2222 ||| Stepping ~*~*~tactically~*~*~ (stealth).
  2413 | D:3      | 2413 ||| DROPPING +0 club.
  2482 | D:3      | Noticed Jessica
  2483 | D:3      | 2483 ||| Stepping ~*~*~tactically~*~*~ (hiding).
  2491 | D:3      | Killed Jessica
  2542 | D:3      | 2542 ||| Stepping ~*~*~tactically~*~*~ (hiding).
  2673 | D:3      | 2673 ||| Stepping ~*~*~tactically~*~*~ (stealth).
  2698 | D:3      | 2698 ||| Stepping ~*~*~tactically~*~*~ (stealth).
  2699 | D:3      | 2699 ||| Stepping ~*~*~tactically~*~*~ (stealth).
  2701 | D:3      | 2701 ||| Stepping ~*~*~tactically~*~*~ (hiding).
  3049 | D:3      | 3049 ||| READING scroll labelled KEQEVA CUCUD.
  3050 | D:3      | 3050 ||| READING scroll labelled TABUAXT USTOH.
  3050 | D:3      | Identified a scroll of acquirement
  3050 | D:3      | 3050 ||| ACQUIRING +9 war axe "Loonnom" {flame, rPois Will+
                  | Str+3 Dex-3}
  3050 | D:3      | Acquired the +9 war axe "Loonnom" {flame, rPois Will+ Str+3
                  | Dex-3}
  3052 | D:3      | 3052 ||| SWAPPING to +9 war axe "Loonnom" {flame, rPois
                  | Will+ Str+3 Dex-3}.
  3053 | D:3      | 3053 ||| DROPPING +0 whip.
  3054 | D:3      | 3054 ||| READING scroll labelled QAMIKI ONEDAPN.
  3055 | D:3      | 3055 ||| DRINKING 2 coppery potions.
  3056 | D:3      | 3056 ||| READING 3 scrolls of identify.
  3056 | D:3      | 3056 ||| IDENTIFYING fuming grey potion
  3057 | D:3      | 3057 ||| READING 2 scrolls of identify.
  3057 | D:3      | 3057 ||| IDENTIFYING golden potion
  3058 | D:3      | 3058 ||| DROPPING potion of ambrosia.
  3077 | D:4      | 3077 ||| PLANNING SEWER
  3100 | D:4      | 3100 ||| Stepping ~*~*~tactically~*~*~ (hiding).
  3136 | D:4      | Reached XP level 6. HP: 37/37 MP: 6/6
  3247 | D:4      | Found a glowing drain.
  3255 | D:4      | 3255 ||| READING scroll labelled EZEAWK XURIN.
  3256 | D:4      | 3256 ||| READING 2 scrolls of identify.
  3256 | D:4      | 3256 ||| IDENTIFYING yellow potion
  3264 | Sewer    | Entered a sewer
  3267 | Sewer    | 3267 ||| Stepping ~*~*~tactically~*~*~ (hiding).
  3280 | Sewer    | 3280 ||| Stepping ~*~*~tactically~*~*~ (stealth).
  3286 | Sewer    | Reached skill level 5 in Axes
  3336 | Sewer    | 3336 ||| Stepping ~*~*~tactically~*~*~ (water).
  3338 | Sewer    | 3338 ||| Stepping ~*~*~tactically~*~*~ (water).
  3350 | Sewer    | 3350 ||| Stepping ~*~*~tactically~*~*~ (water).
  3445 | Sewer    | 3445 ||| Stepping ~*~*~tactically~*~*~ (stealth).
  3446 | Sewer    | 3446 ||| Stepping ~*~*~tactically~*~*~ (stealth).
  3448 | Sewer    | 3448 ||| Stepping ~*~*~tactically~*~*~ (hiding).
  3454 | Sewer    | 3454 ||| Stepping ~*~*~tactically~*~*~ (stealth).
  3495 | Sewer    | 3495 ||| Stepping ~*~*~tactically~*~*~ (hiding).
  3539 | Sewer    | 3539 ||| READING 2 scrolls labelled SEOLONOATOSO.
  3540 | Sewer    | 3540 ||| READING scroll of enchant armour.
  3540 | Sewer    | 3540 ||| ENCHANTING +0 helmet.
  3541 | Sewer    | 3541 ||| READING scroll labelled FUSOAMINOU.
  3542 | Sewer    | 3542 ||| READING scroll labelled TIJAPN VOVUICS.
  3543 | Sewer    | 3543 ||| DRINKING 3 sedimented emerald potions.
  3618 | D:4      | 3618 ||| PLANNING D:1-11
  3627 | D:4      | Noticed a black bear
  3637 | D:4      | Killed a black bear
  3638 | D:4      | Reached XP level 7. HP: 27/43 MP: 7/7
  4099 | D:4      | Reached skill level 6 in Axes
  4192 | D:4      | 4192 ||| READING scroll of enchant armour.
  4192 | D:4      | 4192 ||| ENCHANTING +1 helmet.
  4217 | D:4      | Reached skill level 6 in Shields
  4245 | D:4      | Reached XP level 8. HP: 48/48 MP: 8/8
  4311 | D:4      | Found an ancient bone altar of Kikubaaqudgha.
  4331 | D:4      | Reached skill level 7 in Axes
  4419 | D:4      | 4419 ||| UPGRADING to +0 cloak.
  4424 | D:4      | 4424 ||| READING 2 scrolls of identify.
  4424 | D:4      | 4424 ||| IDENTIFYING cyan potion
  4443 | D:5      | Entered Level 5 of the Dungeon
  4472 | D:5      | Noticed Blork the orc
  4480 | D:5      | Killed Blork the orc
  4483 | D:5      | 4483 ||| DROPPING +1 war axe.
  5185 | D:5      | 5185 ||| DROPPING ring of flight.
  5186 | D:5      | 5186 ||| READING scroll labelled RAULOP YMEFF.
  5187 | D:5      | 5187 ||| DRINKING 2 purple potions.
  5188 | D:5      | 5188 ||| READING 3 scrolls of identify.
  5188 | D:5      | 5188 ||| IDENTIFYING silvery potion
  5189 | D:5      | 5189 ||| READING 2 scrolls of identify.
  5189 | D:5      | 5189 ||| IDENTIFYING puce potion
  5190 | D:5      | 5190 ||| DROPPING potion of degeneration.
  5224 | D:6      | Noticed Eustachio
  5232 | D:6      | 5232 ||| STAIRDANCE
  5254 | D:6      | 5254 ||| STAIRDANCE
  5285 | D:6      | Killed Eustachio
  5286 | D:6      | Reached skill level 8 in Axes
  5286 | D:6      | Reached XP level 9. HP: 54/54 MP: 9/9
  5408 | D:6      | Found a staircase to the Ecumenical Temple.
  5409 | D:6      | 5409 ||| PLANNING TEMPLE
  5441 | D:6      | 5441 ||| Stepping randomly (stuck).
  5442 | D:6      | 5442 ||| Stepping randomly (stuck).
  5443 | D:6      | 5443 ||| Stepping randomly (stuck).
  5444 | D:6      | 5444 ||| Stepping randomly (stuck).
  5445 | D:6      | 5445 ||| Stepping randomly (stuck).
  5446 | D:6      | 5446 ||| Stepping randomly (stuck).
  5447 | D:6      | 5447 ||| Stepping randomly (stuck).
  5448 | D:6      | 5448 ||| Stepping randomly (stuck).
  5449 | D:6      | 5449 ||| Stepping randomly (stuck).
  5450 | D:6      | 5450 ||| Stepping randomly (stuck).
  5451 | D:6      | 5451 ||| Stepping randomly (stuck).
  5452 | D:6      | 5452 ||| Stepping randomly (stuck).
  5453 | D:6      | 5453 ||| Stepping randomly (stuck).
  5454 | D:6      | 5454 ||| Stepping randomly (stuck).
  5454 | D:6      | Found a sparkling altar of Nemelex Xobeh.
  5555 | D:6      | 5555 ||| Stepping ~*~*~tactically~*~*~ (hiding).
  5557 | D:6      | 5557 ||| Stepping ~*~*~tactically~*~*~ (hiding).
  5582 | D:6      | 5582 ||| Stepping ~*~*~tactically~*~*~ (stealth).
  5637 | Temple   | Entered the Ecumenical Temple
  5638 | Temple   | 5638 ||| Stepping randomly (stuck).
  5639 | Temple   | 5639 ||| PLANNING D:1-11
  5785 | D:6      | Reached skill level 6 in Fighting
  5931 | D:7      | Found a sacrificial altar of Ru.
  6001 | D:7      | Noticed a boulder beetle
  6021 | D:7      | Found an iron altar of Okawaru.
  6022 | D:7      | 6022 ||| PLANNING OKAWARU WORSHIP
  6040 | D:7      | Became a worshipper of Warmaster Okawaru
  6041 | D:7      | 6041 ||| PLANNING D:1-11
  6078 | D:7      | Found Rytimat's Armour Shoppe.
  6085 | D:7      | 6085 ||| BUYING +1 chain mail of cold resistance (231
                  | gold).
  6085 | D:7      | Bought a +1 chain mail of cold resistance for 231 gold
                  | pieces
  6100 | D:7      | 6100 ||| Stepping ~*~*~tactically~*~*~ (stealth).
  6101 | D:7      | 6101 ||| Stepping ~*~*~tactically~*~*~ (stealth).
  6135 | D:7      | Killed a boulder beetle
  6135 | D:7      | Reached * piety under Okawaru
  6136 | D:7      | Reached skill level 9 in Axes
  6247 | D:7      | Reached XP level 10. HP: 57/60 MP: 10/10
  6257 | D:7      | You fall into a shaft and drop 2 floors!
  6263 | D:9      | 6263 ||| Stepping ~*~*~tactically~*~*~ (hiding).
  6269 | D:9      | Reached skill level 1 in Dodging
  6269 | D:9      | Reached skill level 1 in Invocations
  6329 | D:9      | 6329 ||| Stepping ~*~*~tactically~*~*~ (hiding).
  6333 | D:9      | 6333 ||| Stepping ~*~*~tactically~*~*~ (hiding).
  6334 | D:9      | 6334 ||| Stepping ~*~*~tactically~*~*~ (hiding).
  6384 | D:9      | 6384 ||| INVOKING Heroism.
  6390 | D:9      | Reached skill level 3 in Invocations
  6394 | D:9      | Reached skill level 6 in Armour
  6399 | D:9      | Reached ** piety under Okawaru
  6422 | D:9      | 6422 ||| Stepping ~*~*~tactically~*~*~ (stealth).
  6448 | D:9      | Found a staircase to the Orcish Mines.
  6449 | D:9      | 6449 ||| UPGRADING to +0 pair of gloves.
  6454 | D:9      | 6454 ||| Stepping ~*~*~tactically~*~*~ (stealth).
  6460 | D:9      | 6460 ||| Stepping ~*~*~tactically~*~*~ (hiding).
  6475 | D:9      | 6475 ||| UPGRADING to amulet of the acrobat.
  6480 | D:9      | 6480 ||| READING scroll labelled JAAMERPHEARRA.
  6522 | D:9      | 6522 ||| DRINKING 2 glowing clear potions.
  6523 | D:9      | 6523 ||| READING 2 scrolls of identify.
  6523 | D:9      | 6523 ||| IDENTIFYING dark potion
  6564 | D:8      | Reached skill level 9 in Shields
  6566 | D:8      | Reached *** piety under Okawaru
  6721 | D:7      | Reached skill level 10 in Axes
  6727 | D:7      | 6727 ||| READING scroll of acquirement.
  6727 | D:7      | 6727 ||| ACQUIRING ring "Ribileb" {rC+ Will+ Str-3 Int+2}
  6727 | D:7      | Acquired the ring "Ribileb" {rC+ Will+ Str-3 Int+2}
  6729 | D:7      | 6729 ||| UPGRADING to ring "Ribileb" {rC+ Will+ Str-3
                  | Int+2}.
  6871 | D:7      | 6871 ||| INVOKING Heroism.
  6877 | D:7      | 6877 ||| Stepping ~*~*~tactically~*~*~ (cloud).
  6923 | D:7      | 6923 ||| Stepping ~*~*~tactically~*~*~ (stealth).
  7206 | D:7      | 7206 ||| DRINKING 2 white potions.
  7207 | D:7      | 7207 ||| DROPPING potion of brilliance.
  7242 | D:8      | 7242 ||| STAIRDANCE
  7245 | D:7      | 7245 ||| INVOKING Heroism.
  7413 | D:8      | Reached XP level 11. HP: 68/68 MP: 14/14
  7515 | D:8      | 7515 ||| FLEEEEING.
  7516 | D:8      | 7516 ||| FLEEEEING.
  7517 | D:8      | 7517 ||| FLEEEEING.
  7518 | D:8      | 7518 ||| FLEEEEING.
  7519 | D:8      | 7519 ||| FLEEEEING.
  7520 | D:8      | 7520 ||| FLEEEEING.
  7521 | D:8      | 7521 ||| FLEEEEING.
  7522 | D:8      | 7522 ||| FLEEEEING.
  7530 | D:8      | Reached **** piety under Okawaru
  7554 | D:8      | 7554 ||| Stepping ~*~*~tactically~*~*~ (stealth).
  7558 | D:8      | 7558 ||| Stepping ~*~*~tactically~*~*~ (stealth).
  7617 | D:8      | 7617 ||| Stepping ~*~*~tactically~*~*~ (hiding).
  7619 | D:8      | 7619 ||| Stepping ~*~*~tactically~*~*~ (stealth).
  7620 | D:8      | 7620 ||| INVOKING Heroism.
  7621 | D:8      | 7621 ||| Stepping ~*~*~tactically~*~*~ (stealth).
  7645 | D:8      | 7645 ||| Stepping ~*~*~tactically~*~*~ (stealth).
  7648 | D:8      | 7648 ||| Stepping ~*~*~tactically~*~*~ (stealth).
  7652 | D:8      | 7652 ||| FLEEEEING.
  7681 | D:8      | 7681 ||| Stepping ~*~*~tactically~*~*~ (stealth).
  7695 | D:8      | 7695 ||| Stepping ~*~*~tactically~*~*~ (stealth).
  7700 | D:8      | 7700 ||| INVOKING Heroism.
  7702 | D:8      | 7702 ||| Stepping ~*~*~tactically~*~*~ (stealth).
  7727 | D:8      | Reached skill level 11 in Axes
  7735 | D:8      | Found a staircase to the Lair.
  7798 | D:8      | Noticed Gastronok
  7799 | D:8      | 7799 ||| INVOKING Heroism.
  7824 | D:8      | HP: 17/68 [Gastronok (6)]
  7825 | D:8      | 7825 ||| READING 7 scrolls of teleportation.
  7826 | D:8      | 7826 ||| DRINKING 2 potions of heal wounds.
  7829 | D:8      | Killed Gastronok
  7830 | D:8      | Reached skill level 6 in Invocations
  8069 | D:8      | 8069 ||| Stepping ~*~*~tactically~*~*~ (hiding).
  8186 | D:8      | 8186 ||| INVOKING Heroism.
  8186 | D:8      | Noticed Joseph
  8199 | D:8      | Killed Joseph
  8408 | D:8      | 8408 ||| PLANNING LAIR
  8434 | Lair:1   | Entered Level 1 of the Lair of Beasts
  8530 | Lair:1   | 8530 ||| INVOKING Heroism.
  8650 | Lair:1   | 8650 ||| INVOKING Heroism.
  8662 | Lair:1   | 8662 ||| Stepping ~*~*~tactically~*~*~ (stealth).
  8700 | Lair:1   | 8700 ||| Stepping ~*~*~tactically~*~*~ (stealth).
  8701 | Lair:1   | 8701 ||| INVOKING Heroism.
  9105 | Lair:1   | 9105 ||| INVOKING Heroism.
  9458 | Lair:1   | 9458 ||| READING 2 scrolls labelled XOAHUOWKUDIY.
  9459 | Lair:1   | 9459 ||| DROPPING scroll of fear.
  9563 | Lair:2   | Noticed Amaemon
  9565 | Lair:2   | 9565 ||| INVOKING Heroism.
  9579 | Lair:2   | Killed Amaemon
  9580 | Lair:2   | Reached XP level 12. HP: 48/75 MP: 16/18
  9611 | Lair:2   | 9611 ||| FLEEEEING.
  9613 | Lair:2   | 9613 ||| FLEEEEING.
  9614 | Lair:2   | 9614 ||| FLEEEEING.
  9615 | Lair:2   | 9615 ||| STAIRDANCE
  9752 | Lair:2   | Reached ***** piety under Okawaru
  9761 | Lair:2   | Reached skill level 9 in Fighting
  9761 | Lair:2   | Reached skill level 9 in Invocations
  9883 | Lair:2   | Noticed a dire elephant
  9883 | Lair:2   | Noticed an anaconda
  9883 | Lair:2   | Noticed a death yak
  9888 | Lair:2   | 9888 ||| INVOKING Heroism.
  9902 | Lair:2   | Killed an anaconda
  9906 | Lair:2   | 9906 ||| INVOKING Heroism.
  9912 | Lair:2   | Killed a dire elephant
  9959 | Lair:2   | 9959 ||| FLEEEEING.
 10004 | Lair:2   | 10004 ||| INVOKING Heroism.
 10072 | Lair:2   | 10072 ||| INVOKING Heroism.
 10074 | Lair:2   | 10074 ||| INVOKING Finesse.
 10083 | Lair:2   | Killed a death yak
 10084 | Lair:2   | Reached skill level 12 in Axes
 10365 | Lair:2   | Received a gift from Okawaru
 10366 | Lair:2   | Reached skill level 1 in Throwing
 10446 | Lair:2   | Noticed an eight-headed hydra
 10447 | Lair:2   | 10447 ||| INVOKING Heroism.
 10451 | Lair:2   | Killed a seven-headed hydra
 10452 | Lair:2   | Reached skill level 3 in Throwing
 10499 | Lair:2   | 10499 ||| Stepping ~*~*~tactically~*~*~ (hiding).
 10500 | Lair:2   | 10500 ||| Stepping ~*~*~tactically~*~*~ (hiding).
 10509 | Lair:2   | Found a staircase to the Shoals.
 10512 | Lair:2   | 10512 ||| INVOKING Heroism.
 10516 | Lair:2   | Reached XP level 13. HP: 46/80 MP: 17/20
 10843 | Lair:2   | 10843 ||| INVOKING Heroism.
 10851 | Lair:2   | Reached skill level 9 in Armour
 11146 | Lair:3   | 11146 ||| Stepping ~*~*~tactically~*~*~ (hiding).
 11180 | Lair:3   | 11180 ||| INVOKING Heroism.
 11181 | Lair:3   | 11181 ||| Stepping ~*~*~tactically~*~*~ (cloud).
 11186 | Lair:3   | HP: 12/80 [fire crab (11)]
 11187 | Lair:3   | 11187 ||| READING 6 scrolls of teleportation.
 11188 | Lair:3   | 11188 ||| DRINKING 2 potions of heal wounds.
 11191 | Lair:3   | HP: 15/80 [fire crab] (22)]
 11472 | Lair:3   | 11472 ||| Stepping ~*~*~tactically~*~*~ (cloud).
 11476 | Lair:3   | 11476 ||| Stepping ~*~*~tactically~*~*~ (cloud).
 11480 | Lair:3   | 11480 ||| INVOKING Heroism.
 11484 | Lair:3   | 11484 ||| Stepping ~*~*~tactically~*~*~ (cloud).
 11698 | Lair:3   | 11698 ||| FLEEEEING.
 11699 | Lair:3   | 11699 ||| FLEEEEING.
 11700 | Lair:3   | 11700 ||| FLEEEEING.
 11701 | Lair:3   | 11701 ||| FLEEEEING.
 11702 | Lair:3   | 11702 ||| FLEEEEING.
 11703 | Lair:3   | 11703 ||| FLEEEEING.
 11704 | Lair:3   | 11704 ||| FLEEEEING.
 11705 | Lair:3   | 11705 ||| FLEEEEING.
 11706 | Lair:3   | 11706 ||| FLEEEEING.
 11707 | Lair:3   | 11707 ||| FLEEEEING.
 11708 | Lair:3   | 11708 ||| FLEEEEING.
 11709 | Lair:3   | 11709 ||| FLEEEEING.
 11710 | Lair:3   | 11710 ||| FLEEEEING.
 11711 | Lair:3   | 11711 ||| Stepping ~*~*~tactically~*~*~ (hiding).
 11712 | Lair:3   | 11712 ||| FLEEEEING.
 11713 | Lair:3   | 11713 ||| FLEEEEING.
 11714 | Lair:3   | 11714 ||| INVOKING Heroism.
 11815 | Lair:3   | 11815 ||| INVOKING Heroism.
 11997 | Lair:3   | 11997 ||| INVOKING Heroism.
 12033 | Lair:3   | Received a gift from Okawaru
 12101 | Lair:3   | 12101 ||| INVOKING Heroism.
 12131 | Lair:3   | 12131 ||| Stepping ~*~*~tactically~*~*~ (hiding).
 12132 | Lair:3   | 12132 ||| Stepping ~*~*~tactically~*~*~ (hiding).
 12133 | Lair:3   | 12133 ||| INVOKING Heroism.
 12233 | Lair:3   | Found a hole to the Spider Nest.
 12601 | Lair:3   | 12601 ||| Stepping ~*~*~tactically~*~*~ (stealth).
 12602 | Lair:3   | 12602 ||| Stepping ~*~*~tactically~*~*~ (stealth).
 12603 | Lair:3   | 12603 ||| Stepping ~*~*~tactically~*~*~ (stealth).
 12606 | Lair:3   | 12606 ||| Stepping ~*~*~tactically~*~*~ (stealth).
 12612 | Lair:3   | 12612 ||| Stepping ~*~*~tactically~*~*~ (stealth).
 13221 | Lair:4   | Found a viscous altar of Jiyva.
 13222 | Lair:4   | Found a staircase to the Slime Pits.
 13268 | Lair:4   | Reached skill level 13 in Axes
 13438 | Lair:4   | 13438 ||| INVOKING Heroism.
 13516 | Lair:4   | 13516 ||| INVOKING Heroism.
 13520 | Lair:4   | Received a gift from Okawaru
 13529 | Lair:4   | 13529 ||| DROPPING +3 war axe of electrocution.
 13596 | Lair:4   | 13596 ||| INVOKING Heroism.
 13903 | Lair:4   | 13903 ||| UPGRADING to ring of resist corrosion.
 13942 | Lair:5   | Entered Level 5 of the Lair of Beasts
 13943 | Lair:5   | 13943 ||| INVOKING Heroism.
 13944 | Lair:5   | 13944 ||| Stepping ~*~*~tactically~*~*~ (stealth).
 13945 | Lair:5   | 13945 ||| Stepping ~*~*~tactically~*~*~ (stealth).
 13951 | Lair:5   | 13951 ||| Stepping ~*~*~tactically~*~*~ (stealth).
 13952 | Lair:5   | 13952 ||| Stepping ~*~*~tactically~*~*~ (stealth).
 13955 | Lair:5   | 13955 ||| Stepping ~*~*~tactically~*~*~ (stealth).
 13956 | Lair:5   | 13956 ||| Stepping ~*~*~tactically~*~*~ (stealth).
 13957 | Lair:5   | 13957 ||| Stepping ~*~*~tactically~*~*~ (stealth).
 13969 | Lair:5   | HP: 20/82 [something (1)]
 13983 | Lair:5   | HP: 16/82 [elephant (5)]
 13984 | Lair:5   | 13984 ||| READING 7 scrolls of teleportation.
 13985 | Lair:5   | 13985 ||| DRINKING potion of heal wounds.
 13989 | Lair:5   | 13989 ||| INVOKING Finesse.
 13991 | Lair:5   | HP: 20/82 [sea snake (11)]
 13992 | Lair:5   | 13992 ||| READING 6 scrolls of teleportation.
 13993 | Lair:5   | HP: 9/82 [skyshark (2)]
 13994 | Lair:5   | Slain by a skyshark

Levels and vault maps discovered:
D:1:      lightli_arrival_flooded_house, layout_basic,
          hellmonk_ecumenical_altar_watching_god
D:2:      layout_basic, basic_altar, uniq_natasha
D:3:      layout_loops_ring, kennysheep_path_1, uniq_jessica
D:4:      layout_gridville, lemuel_mausoleum_altar_kikubaaqudgha,
          portal_sewer_entry_f, small_statue_intersection, kennysheep_cross_room
D:5:      layout_cave_pods, serial_column_ruins, column_ruins_hut,
          column_ruins_grid_1, column_ruins_corridor_corner,
          column_ruins_open_small, column_ruins_open_small_water,
          column_ruins_open_small, uniq_blork_the_orc
D:6:      layout_basic, mainiacjoe_overflow_tiny_flanked, temple_fountains,
          uniq_eustachio
D:7:      layout_cave_pods, nicolae_ru_path_of_blood,
          mainiacjoe_overflow_surrounded_room, serial_shops,
          nicolae_shop_crystal, minivault_27
D:8:      layout_loops_ring, erik_lair_island, serial_ice, serial_ice_k,
          serial_ice_f, serial_ice_d, serial_ice_b, serial_ice_h, serial_ice_a,
          uniq_gastronok, uniq_joseph
D:9:      layout_rooms, minmay_orc_entry_guard_dogs
Temple:   nicolae_temple_no_exploring_needed
Lair:1:   layout_gridlike, beast_lair_carwin_10, lemuel_fruit_fields
Lair:2:   layout_gridlike, elwin_shoals_entry_stream,
          nicolae_lair_lakeside_cave, serial_bayou_shore_b, uniq_amaemon
Lair:3:   layout_cave_pods, nicolae_spider_entry_tight_spaces,
          infiniplex_staircase_pool
Lair:4:   layout_regular_city, slime_entry_1, lookout_lair_type,
          chequers_serial_rivers_micro_e, infiniplex_staircase_pool_2,
          serial_bayou_shore_a
Lair:5:   gammafunk_lair_ancient_temple, layout_gridlike, st_stairs_3,
          chequers_serial_rivers_micro_d, uniq_sonja, uniq_snorg

Skill      XL: |  1  2  3  4  5  6  7  8  9 10 11 12 13 |
---------------+----------------------------------------+-----
Axes           | 2 3 4 5 6 8 9 10 11 12 13 | 13.1
Shields        | 4 5 6 7 8 9 10 11 | 11.0
Fighting       | 4 5 6 8 9 10 | 10.0
Armour         | 4 5 7 8 10 | 10.0
Dodging        | 1 |  1.0
Invocations    | 4 8 10 | 10.1
Throwing       | 4 5 |  5.0

Action                     |  1- 3 |  4- 6 |  7- 9 | 10-12 | 13-15 || total
---------------------------+-------+-------+-------+-------+-------++-------
  Melee: War axe           |    66 |   179 |   221 |   416 |   198 ||  1080
  Throw: Boomerang         |       |    46 |     2 |       |    27 ||    75
         Javelin           |       |       |       |    14 |    44 ||    58
 Invoke: Heroism           |       |       |       |    18 |    12 ||    30
         Finesse           |       |       |       |     1 |       ||     1
    Use: Scroll            |     5 |    13 |     5 |     5 |     3 ||    31
         Potion            |       |     3 |     1 |     3 |     2 ||     9
 Armour: Scale mail        |    20 |       |       |       |       ||    20
         Plate armour      |     4 |   140 |   116 |   248 |   135 ||   643
  Dodge: Dodged            |    30 |    27 |    28 |    98 |    52 ||   235
  Block: Buckler           |    11 |       |       |       |       ||    11
         Kite shield       |     4 |    75 |    84 |   203 |    92 ||   458

Table legend:
 A = Non-vault XP
 B = Vault XP
 C = Vault XP percentage of total XP
 D = Non-vault monster count
 E = Vault monster count
 F = Vault count percentage of total count
                 A         B        C        D         E       F
            +---------+---------+-------+---------+---------+-------
      Total |   31784 |   19178 |  37.6 |     276 |     107 |  27.9
            +---------+---------+-------+---------+---------+-------
        D:1 |      46 |       0 |   0.0 |      23 |       0 |   0.0
        D:2 |      56 |      35 |  38.5 |      26 |       1 |   3.7
        D:3 |     113 |      37 |  24.7 |      23 |       1 |   4.2
        D:4 |     550 |     447 |  44.8 |      19 |      16 |  45.7
        D:5 |     781 |     100 |  11.4 |      18 |       1 |   5.3
        D:6 |     906 |     196 |  17.8 |      21 |       1 |   4.5
        D:7 |    2507 |       0 |   0.0 |      18 |       0 |   0.0
        D:8 |    3776 |    3900 |  50.8 |      34 |      23 |  40.4
        D:9 |     766 |     672 |  46.7 |      15 |       4 |  21.1
     Lair:1 |    1167 |    1952 |  62.6 |       5 |       9 |  64.3
     Lair:2 |    6397 |    8447 |  56.9 |      27 |      19 |  41.3
     Lair:3 |    8788 |    1984 |  18.4 |      27 |       9 |  25.0
     Lair:4 |    3923 |       0 |   0.0 |      13 |       0 |   0.0
     Lair:5 |    2008 |    1275 |  38.8 |       7 |       5 |  41.7
      Sewer |       0 |     133 | 100.0 |       0 |      18 | 100.0
            +---------+---------+-------+---------+---------+-------
